Map: Iron Fortress LE (Void)

Players

Pseudorandom

FuzhoU - Winner!

  • Race: Zerg Zerg

VOD

http://www.twitch.tv/pseudorandom63/b/646849655

Description

Time

  • Played on: April 7, 2015, 12:31 a.m.
  • Length: 6:36
Show
View Real Time Build Order
Export as new Build Order

Pseudorandom Zerg 

Build Orders: Hatch First 

Get SALT Encoding   

  12  0:01  Drone  
  13  0:12  Overlord  
  13  0:17  Drone  
  14  0:31  Drone x2  
  14  0:34  Drone  
  17  0:44  Drone  
  18  0:59  Hatchery, Drone  
  18  1:06  Drone  
  19  1:15  Spawning Pool  
  19  1:17  Extractor  
  17  1:19  Drone  
  18  1:28  Drone  
  19  1:38  Overlord  
  19  1:58  Drone  
  20  2:02  Queen  
  20  2:03  Zergling x2  
  23  2:10  Queen  
  23  2:11  Drone  
  23  2:12  Drone  
  27  2:16  Metabolic Boost  
  27  2:20  Extractor  
  27  2:22  Roach Warren  
  25  2:23  Drone  
  28  2:31  Zergling x2  
  28  2:42  Zergling x4  
  27  2:47  Zergling x4  
  26  3:01  Zergling x2  
  25  3:05  Spine Crawler  
  25  3:08  Zergling x2  
  25  3:12  Overlord  
  24  3:14  Zergling x6  
  24  3:19  Baneling Nest  
  26  3:20  Overlord  
  26  3:41  Zergling x6  
  29  3:45  Baneling Nest  
  28  3:49  Zergling x2  
  28  3:54  Zergling x4  
  31  4:02  Zergling x2  
  32  4:09  Zergling x2  
  33  4:20  Zergling x10  
  38  4:28  Baneling  
  38  4:29  Baneling  
  34  5:06  Hatchery  
  32  5:10  Overlord  
  32  5:12  Zergling x10  
  37  5:20  Overlord  
  32  5:52  Zergling x4  
  31  6:03  Baneling x5  
  30  6:24  Drone x3  
Show
View Real Time Build Order
Export as new Build Order

FuzhoU Zerg - Winner!

Build Orders: Pool First 

Get SALT Encoding   

  12  0:09  Extractor  
  12  0:11  Drone  
  12  0:26  Spawning Pool  
  11  0:29  Drone  
  12  0:37  Drone  
  13  0:46  Overlord  
  13  0:58  Drone  
  14  1:13  Queen  
  14  1:16  Zergling x2  
  17  1:19  Metabolic Boost  
  17  1:23  Zergling x2  
  18  1:29  Zergling x2  
  18  1:32  Zergling x2  
  20  1:39  Zergling x2  
  21  1:50  Zergling x2  
  22  2:01  Overlord  
  22  2:22  Zergling x2  
  23  2:23  Zergling x8  
  23  2:28  Zergling x2  
  28  2:36  Zergling x2  
  27  2:46  Zergling x2  
  27  2:54  Zergling x6  
  27  2:56  Hatchery  
  27  2:57  Zergling x2  
  28  3:05  Zergling x2  
  28  3:11  Overlord  
  29  3:36  Drone x5  
  32  3:50  Drone  
  33  4:05  Overlord  
  33  4:06  Drone  
  34  4:11  Drone  
  34  4:15  Baneling Nest  
  34  4:20  Zergling x10  
  34  4:21  Drone  
  39  4:34  Spine Crawler  
  39  4:38  Zergling x4  
  39  4:43  Zergling x4  
  40  4:53  Queen  
  41  5:01  Baneling  
  41  5:02  Baneling x3  
  41  5:05  Drone  
  41  5:06  Drone x5  
  39  5:17  Zergling x4  
  41  5:25  Zergling x6  
  41  5:26  Zergling x4  
  44  5:38  Zergling x2, Baneling x2  
  44  5:40  Zergling x4  
  44  5:53  Baneling x4  
  42  5:59  Baneling x2  
  40  6:05  Zergling x14  
  40  6:06  Zergling x2  
  48  6:21  Drone  
  48  6:22  Drone x3  
Tags
 
Add a new tag
Caveats
  • Supply blocks, unpowered buildings, or Contaminate may cause inaccurate times.
  • Supply counts are checked every 10 seconds.